 Dungeon Crawl Stone Soup version 0.26-a0-812-g31a745ddcd (webtiles) character file.

Game seed: 17122183775198745546

81 Lanoc the Gusty (level 4, -3/24 HPs)
             Began as a Deep Elf Air Elementalist on Dec 1, 2020.
             Killed from afar by Lanoc's ghost (7 damage)
             ... with a zap
             ... on level 3 of the Dungeon.
             The game lasted 00:02:24 (1807 turns).

Lanoc the Gusty (Deep Elf Air Elementalist)         Turns: 1807, Time: 00:02:24

Health: -3/24      AC:  2    Str:  5    XL:     4   Next: 20%
Magic:  5/10       EV: 14    Int: 21    God:
Gold:   46         SH:  5    Dex: 15    Spells: 4/9 levels left

rFire    . . .     SeeInvis .   (no weapon)
rCold    . . .     Faith    .   (no shield)
rNeg     . . .     Spirit   .   a - +0 robe
rPois    .         Reflect  +   (no helmet)
rElec    .         Harm     .   (no cloak)
rCorr    .         Rampage  .   (no gloves)
MR       .....                  (no boots)
Stlth    +.........             f - amulet of reflection
HPRegen  0.08/turn              d - ring of attention (curse)
MPRegen  0.12/turn              (no ring)

@: no status effects
A: no striking features
a: no special abilities


You were on level 3 of the Dungeon.
You visited 1 branch of the dungeon, and saw 3 of its levels.

You collected 46 gold pieces.

Inventory:

Armour
 a - a +0 robe (worn)
Jewellery
 d - a cursed ring of attention (left hand)
 f - an amulet of reflection (around neck)
Wands
 c - a wand of iceblast (5)
Scrolls
 b - a scroll of random uselessness {unknown}
 e - a scroll of remove curse {unknown}


   Skills:
 + Level 3.4 Dodging
 - Level 2.4 Stealth
 - Level 3.0 Spellcasting
 + Level 2.3 Conjurations
 * Level 4.1 Air Magic


You had 4 spell levels left.
You knew the following spells:

 Your Spells              Type           Power        Failure   Level
a - Shock                 Conj/Air       ###.         3%          1
b - Airstrike             Air            ###.......   24%         4

Your spell library contained the following spells:

 Spells                   Type           Power        Failure   Level
 Swiftness                Air            ###.....     3%          2
 Static Discharge         Conj/Air       ###.....     11%         3
 Lightning Bolt           Conj/Air       ###.......   67%         5


Dungeon Overview and Level Annotations

Branches:
Dungeon (3/15)

Altars:
Beogh

Annotations:
D:3 Lanoc's ghost, weakling TrAE


Message History

The orc dies!
The zap hits you. The zap hits you!
* * * LOW HITPOINT WARNING * * *
You aren't carrying any potions.
Casting: Shock (safe; 3% risk of failure)
Confirm with . or Enter, or press ? or * to list all spells.
Aiming: Shock (safe; 3% risk of failure)
Press: ? - help, Shift-Dir - straight line, f - Lanoc's ghost
Aim: Lanoc's ghost The zap hits Lanoc's ghost but does no damage.
Casting: Shock (safe; 3% risk of failure)
Confirm with . or Enter, or press ? or * to list all spells.
Aiming: Shock (safe; 3% risk of failure)
Press: ? - help, Shift-Dir - straight line, f/p - Lanoc's ghost
Aim: Lanoc's ghost The zap hits Lanoc's ghost.
Lanoc's ghost is lightly damaged.
Lanoc's ghost points at you and mumbles some strange words.
The zap hits you!
You die...

#.#...#.##.#...
#.##.##.#......
#.......#.#....
####.####.#....
#......).###..
#.#.####.....# ###
#.#.# #.###.#
#8####### #.###'#
#@#o....8 #.##...
#)#..##(. #.#....
#)#o.#8..###......
#†#.o##..#........
#W#.#....#........
##.'.#...[###......
#..'.#.8._ ##.....
#..'.#...[ ##....
#..#.#.... ##...


You could see Lanoc's ghost and 3 orcs.

Vanquished Creatures
  A bullfrog skeleton (D:3)
  2 adders
  2 worms
  A dart slug (D:3)
  4 orcs (D:3)
  A giant cockroach (D:2)
  2 goblins
  3 hobgoblins
  2 quokkas (D:3)
  A frilled lizard (D:3)
  3 rats (D:3)
22 creatures vanquished.

Vanquished Creatures (others)
  2 orcs (D:3)
2 creatures vanquished.

Grand Total: 24 creatures vanquished

Notes
Turn   | Place    | Note
-------+----------+-------------------------------------------
     0 | D:1      | Lanoc the Deep Elf Air Elementalist began the quest for the
                  | Orb.
     0 | D:1      | Reached XP level 1. HP: 10/10 MP: 6/6
   189 | D:2      | Reached XP level 2. HP: 15/15 MP: 0/8
   476 | D:3      | Reached XP level 3. HP: 15/19 MP: 5/9
  1044 | D:3      | Reached skill level 4 in Air Magic
  1414 | D:3      | Found a runed translucent gate.
  1415 | D:3      | Found a runed translucent gate.
  1415 | D:3      | Noticed Lanoc's ghost (weakling TrAE)
  1416 | D:3      | Found a runed translucent gate.
  1417 | D:3      | Identified the +8 chain mail of Protective Custody {Int+7}
  1422 | D:3      | Found a roughly hewn altar of Beogh.
  1469 | D:3      | Reached XP level 4. HP: 24/24 MP: 4/10
  1798 | D:3      | Learned a level 4 spell: Airstrike
  1807 | D:3      | Killed from afar by Lanoc's ghost

Illustrated notes

Levels and vault maps discovered:
D:1:      dpeg_arrival_rooms_c, layout_basic, chequers_garden
D:2:      layout_basic, chequers_serial_rivers_micro_e, minmay_tripent,
          uniq_robin
D:3:      layout_loops_corners, serial_aquarium, aquarium_bridge_square
          [aquarium_subvault_window, aquarium_subvault_wall,
          aquarium_subvault_wall, aquarium_subvault_bridge],
          aquarium_bridge_island_small [aquarium_subvault_small_open,
          aquarium_subvault_bridge, aquarium_subvault_wall,
          aquarium_subvault_bridge, aquarium_subvault_wall],
          aquarium_window_double, aquarium_window_2, aquarium_view_2f,
          aquarium_view_2f, aquarium_balcony_5b, aquarium_pool_split,
          biasface_ghost_orc_armoury

Skill      XL: |  1  2  3 |
---------------+----------+-----
Dodging        | 3 |  3.4
Conjurations   | 2 |  2.3
Air Magic      | 4 |  4.1
Stealth        | |  2.4
Spellcasting   | |  3.0

Action                   |  1- 3 |  4- 6 || total
-------------------------+-------+-------++-------
 Cast: Shock             |    62 |    10 ||    72
Armor: Robe              |     3 |       ||     3
Dodge: Dodged            |    11 |     2 ||    13

Table legend: (Time is in decaauts)
 A = Elapsed time spent in this place.
 B = Non-inter-level travel time spent in this place.
 C = Inter-level travel time spent in this place.
 D = Time resting spent in this place.
 E = Time spent auto-exploring this place.
 F = Levels seen in this place.
 G = Mean time per level.
                   A        B        C        D        E       F      G
               +--------+--------+--------+--------+--------+-----+--------+
         Total |   1806 |   1793 |     13 |      0 |   1582 |   3 |  602.0 |
       Dungeon |   1806 |   1793 |     13 |      0 |   1582 |   3 |  602.0 |
               +--------+--------+--------+--------+--------+-----+--------+

Top non-repeatable levels by time:
     D:3: 1523 daAuts
     D:2: 207 daAuts
     D:1: 75 daAuts
